 Dungeon Crawl Stone Soup version 0.31.0-1-g2c135a0 (webtiles) character file.

Game seed: 17349269814093851757

224 bonegar the Sneak (level 6, -1/51 HPs)
             Began as a Naga Enchanter on Feb 13, 2024.
             Slain by an ogre
             ... wielding a +0 giant spiked club
              (17 damage)
             ... on level 4 of the Dungeon on Feb 14, 2024.
             The game lasted 00:22:29 (2137 turns).

bonegar the Sneak (Naga Enchanter)                  Turns: 2137, Time: 00:22:30

Health: -1/51      AC:  4    Str: 10    XL:     6   Next: 0%
Magic:  0/9        EV:  9    Int: 16    God:
Gold:   122        SH:  0    Dex: 13    Spells: 8/10 levels left

rFire   + . .        s - +2 short sword (speed)
rCold   . . .        (no shield)
rNeg    . . .        t - +1 leather armour {rF+}
rPois   +            (no helmet)
rElec   .            (no cloak)
rCorr   .            (no gloves)
SInv    +            (no barding)
Will    .....        h - amulet of guardian spirit
Stlth   +++          (no ring)
HPRegen 0.28/turn    (no ring)
MPRegen 0.11/turn

%: guardian spirit
@: very slightly contaminated, very slow
A: AC +2, large, see invisible, deformed body, poison resistance, slowness 2,
spit poison 1, naga tail 1
a: Spit Poison


You were on level 4 of the Dungeon.
You visited 1 branch of the dungeon, and saw 4 of its levels.

You collected 122 gold pieces.

Inventory:

Hand Weapons
 a - a +1 dagger
 c - a +1 heavy falchion
 i - a +2 hand axe of venom
 j - a +2 dagger of protection
 s - a +2 short sword of speed (weapon)
Missiles
 d - 2 datura-tipped darts
 e - 6 poisoned darts (quivered)
Armour
 b - a +0 robe
 t - a +1 leather armour of fire resistance (worn)
Jewellery
 h - an amulet of guardian spirit (around neck)
Wands
 k - a wand of digging (6)
Scrolls
 m - a scroll of identify {unknown}
 n - 2 scrolls of teleportation {unknown}
 p - a scroll of noise {unknown}
 r - a scroll of enchant armour {unknown}
Potions
 f - a potion of ambrosia {unknown}
 g - 2 potions of heal wounds {unknown}
 l - 2 potions of curing {unknown}
 o - 2 potions of brilliance {unknown}
 q - a potion of cancellation {unknown}


   Skills:
 + Level 1.3 Fighting
 + Level 2.9 Short Blades
 + Level 0.5 Throwing
 + Level 2.1 Dodging
 + Level 6.0 Stealth
 + Level 2.5 Spellcasting
 + Level 3.6 Hexes
 + Level 1.0 Ice Magic


You had 8 spell levels left.
You knew the following spells:

 Your Spells              Type           Power      Damage    Failure   Level
a - Ensorcelled Hibernat  Hex/Ice        18%        N/A       16%         2

Your spell library contained the following spells:

 Spells                   Type           Power      Damage    Failure   Level
 Confusing Touch          Hex            13%        N/A       19%         3
 Tukima's Dance           Hex            13%        N/A       19%         3
 Dazzling Flash           Conj/Hex       14%        N/A       36%         3
 Passwall                 Erth           2%         N/A       63%         3
 Swiftness                Air            2%         N/A       63%         3


Dungeon Overview and Level Annotations

Branches:
Dungeon (4/15)
 Temple: D:4-7

Altars:


Innate Abilities, Weirdness & Mutations

Your serpentine skin is tough. (AC +2)
You have supernaturally acute eyesight. (SInv)
Armour fits poorly on your strangely shaped body.
Your system is resistant to poisons. (rPois)
You cover ground very slowly.
You can spit poison.
You have a snake-like lower body.


Message History

You start resting.
You flicker for a moment.
You start resting.
You flicker back into view.
You start removing your armour.
You continue taking off your +0 robe. x3
Your magical contamination has completely faded away.
You continue taking off your +0 robe.
You finish taking off your +0 robe.
You start putting on your armour.
You continue putting on your +1 leather armour of fire resistance. x5
You finish putting on your +1 leather armour of fire resistance.
You feel resistant to fire.
You see here a +0 spear.
An ogre comes into view. It is wielding a +0 giant spiked club.
Found a short sword.
The ogre shouts!
The ogre hits you with a +0 giant spiked club!
You barely miss the ogre.
The ogre hits you with a +0 giant spiked club!
Casting: Ensorcelled Hibernation (safe; 16% risk of failure)
Confirm with . or Enter, or press ? or * to list all spells.
Aiming: Ensorcelled Hibernation (safe; 16% risk of failure)
Press: ? - help, Shift-Dir - straight line, f - ogre
Aim: an ogre, wielding a +0 giant spiked club (chance to affect: 43%)
The ogre resists with some effort.
Casting: Ensorcelled Hibernation (safe; 16% risk of failure)
Confirm with . or Enter, or press ? or * to list all spells.
Aiming: Ensorcelled Hibernation (safe; 16% risk of failure)
Press: ? - help, Shift-Dir - straight line, f/p - ogre
Aim: an ogre, wielding a +0 giant spiked club (chance to affect: 43%)
You miscast Ensorcelled Hibernation.
You are very lightly contaminated with residual magic.
Nothing appears to happen.
The ogre hits you with a +0 giant spiked club!
You hit the ogre.
The ogre is lightly wounded.
You barely miss the ogre.
The ogre is lightly wounded.
The ogre hits you with a +0 giant spiked club!!
You die...

# .# ######.#
####..)...#
.........#
######...O..#
#.......@#
#.######........
#.# ######### .
#.# . #.# . #.#
. #.# .
#.##########
#.##.......#


You could see an ogre.

Vanquished Creatures
  Eustachio (D:4)
  2 orc priests (D:3)
  An adder (D:3)
  A dart slug (D:3)
  A ribbon worm (D:3)
  3 orcs (D:3)
  9 endoplasms
  3 giant cockroaches
  2 goblins
  7 kobolds
  A quokka (D:2)
  3 ball pythons (D:3)
  4 bats
  2 frilled lizards
  3 rats
43 creatures vanquished.

Vanquished Creatures (others)
  An orc (D:3)
1 creature vanquished.

Grand Total: 44 creatures vanquished

Notes
Turn   | Place    | Note
-------+----------+-------------------------------------------
     0 | D:1      | bonegar the Naga Enchanter began the quest for the Orb.
     0 | D:1      | Reached XP level 1. HP: 15/15 MP: 3/3
   284 | D:1      | You fall into a shaft and drop 1 floor!
   349 | D:2      | Reached XP level 2. HP: 17/22 MP: 5/5
   643 | D:2      | Learned a level 2 spell: Ensorcelled Hibernation
   921 | D:3      | Reached XP level 3. HP: 30/30 MP: 6/6
  1108 | D:3      | Reached skill level 1 in Fighting
  1108 | D:3      | Reached skill level 5 in Stealth
  1108 | D:3      | Reached XP level 4. HP: 23/38 MP: 1/7
  1813 | D:3      | Reached XP level 5. HP: 21/44 MP: 2/8
  2048 | D:4      | Noticed Eustachio
  2068 | D:4      | Killed Eustachio
  2069 | D:4      | Reached skill level 6 in Stealth
  2069 | D:4      | Reached skill level 1 in Ice Magic
  2069 | D:4      | Reached XP level 6. HP: 25/51 MP: 2/9
  2137 | D:4      | Slain by an ogre

Illustrated notes

Levels and vault maps discovered:
D:1:      kennysheep_arrival_forest, layout_basic, st_stairs_5,
          minmay_tromino_i2
D:2:      layout_basic
D:3:      layout_basic
D:4:      layout_basic, lemuel_tele_altar, minmay_bent, uniq_eustachio

Skill      XL: |  1  2  3  4  5 |
---------------+----------------+-----
Fighting       | 1 |  1.3
Short Blades   | 2 |  2.9
Stealth        | 5 6 |  6.0
Dodging        | 2 |  2.1
Ice Magic      | 1 |  1.0
Throwing       | |  0.5
Spellcasting   | |  2.5
Hexes          | |  3.6

Action                     |  1- 3 |  4- 6 || total
---------------------------+-------+-------++-------
  Melee: Dagger            |    90 |    60 ||   150
         Hand axe          |     3 |       ||     3
         Punch             |     1 |     1 ||     2
         Short sword       |       |    24 ||    24
  Throw: Dart              |    10 |       ||    10
   Cast: Ensorcelled Hiber |     3 |    12 ||    15
    Use: Potion            |     1 |     1 ||     2
   Stab: Sleeping          |     2 |     5 ||     7
         Invisible         |     2 |     1 ||     3
 Armour: Robe              |    52 |    33 ||    85
         Leather armour    |       |     4 ||     4
  Dodge: Dodged            |    58 |    29 ||    87
